Map: Pillars of Gold LE

Players

SIMAYI

  • Race: Terran Terran
  • League: Platinum
  • Spawn Location: 1:00

StalkerMage - Winner!

  • Race: Zerg Zerg
  • League: Diamond
  • Spawn Location: 7:00

VOD

Have the link to the VOD?

Description

Time

  • Played on: Sept. 29, 2020, 12:46 a.m.
  • Length: 13:38
Show
View Real Time Build Order
Export as new Build Order

SIMAYI Terran 

Build Orders:  

Get SALT Encoding   

  12  0:00  SCV  
  13  0:12  SCV  
  14  0:20  Supply Depot  
  14  0:24  SCV  
  15  0:41  Engineering Bay  
  15  0:42  SCV  
  16  0:54  SCV  
  16  0:56  Barracks  
  17  1:06  SCV  
  17  1:18  SCV, Refinery  
  17  1:19  Refinery  
  18  1:30  SCV  
  19  1:33  Supply Depot  
  19  1:42  SCV  
  19  1:45  Marine  
  21  1:49  Bunker  
  21  1:54  SCV  
  22  2:03  Marine  
  22  2:07  SCV  
  24  2:17  Factory  
  24  2:19  SCV  
  24  2:21  Barracks Tech Lab  
  25  2:31  Orbital Command  
  25  2:41  Marine  
  26  2:58  SCV, Engineering Bay  
  27  3:03  Supply Depot  
  27  3:12  Hellion, Infernal Pre-Igniter  
  29  3:15  SCV  
  29  3:19  Marine  
  31  3:27  SCV  
  31  3:33  Hellion  
  34  3:37  Marine  
  34  3:38  Armory  
  34  3:39  Missile Turret  
  35  3:46  Supply Depot  
  35  3:57  Marine  
  35  4:00  Hellion  
  38  4:11  Supply Depot  
  38  4:18  Starport  
  38  4:20  Starport, Marine  
  39  4:25  Hellion  
  41  4:38  Marine  
  42  4:39  Smart Servos  
  42  4:56  Medivac x2, Marine  
  42  4:59  Siege Tank  
  50  5:13  Marine  
  51  5:20  Command Center  
  51  5:26  Starport Tech Lab  
  51  5:27  Starport Tech Lab  
  51  5:44  Missile Turret  
  51  5:45  Missile Turret  
  51  5:58  Marine  
  51  6:07  Viking x2  
  55  6:29  Marine  
  52  6:59  Viking, Banshee  
  46  7:05  Marine  
  46  7:06  Orbital Command  
  42  7:09  Siege Tank  
  42  7:15  Cloaking Field  
  45  7:29  Viking  
  48  7:36  Orbital Command  
  47  7:41  Banshee  
  50  7:56  Barracks Reactor  
  50  8:02  Factory Tech Lab  
  50  8:03  SCV  
  50  8:04  SCV  
  52  8:08  Refinery x2  
  52  8:11  Bunker  
  52  8:15  SCV  
  52  8:16  SCV, Supply Depot  
  54  8:20  Missile Turret  
  54  8:23  Raven  
  56  8:28  SCV x2  
  58  8:40  SCV x2, Missile Turret  
  60  8:43  Supply Depot  
  60  8:52  SCV x2  
  60  8:53  Fusion Core  
  62  9:04  SCV x2  
  62  9:06  Supply Depot  
  64  9:16  SCV  
  65  9:22  SCV  
  66  9:28  Missile Turret  
  66  9:42  Battlecruiser x2  
  78  9:46  Weapon Refit  
  78  9:50  Starport  
  78  10:01  Command Center  
  78  10:03  Command Center  
  78  10:27  Battlecruiser  
  84  10:46  Battlecruiser  
  90  11:04  Armory  
  90  11:06  SCV  
  91  11:14  Orbital Command  
  91  11:17  Command Center  
  91  11:36  Advanced Ballistics  
  91  11:38  Banshee  
  91  11:39  Viking  
  96  11:50  Viking  
  98  12:08  Banshee  
  89  12:28  Liberator x2  
  83  12:51  Liberator  
  83  12:58  Missile Turret  
  89  13:21  Missile Turret  
Show
View Real Time Build Order
Export as new Build Order

StalkerMage Zerg - Winner!

Build Orders: Pool First 

Get SALT Encoding   

  12  0:11  Overlord  
  12  0:13  Drone  
  13  0:22  Drone  
  14  0:30  Drone  
  15  0:40  Drone  
  16  0:50  Drone  
  16  0:54  Spawning Pool  
  16  0:57  Drone  
  17  1:14  Drone  
  17  1:16  Extractor  
  17  1:22  Hatchery  
  17  1:25  Drone  
  17  1:33  Drone  
  18  1:41  Queen  
  18  1:43  Zergling x2  
  21  1:52  Overlord  
  21  2:01  Drone  
  22  2:12  Zergling x2  
  23  2:21  Queen  
  25  2:28  Zergling x2  
  26  2:41  Queen  
  26  2:42  Drone x3  
  31  2:54  Hatchery  
  31  2:57  Metabolic Boost  
  30  3:16  Overlord  
  30  3:17  Drone x4  
  34  3:26  Overlord  
  34  3:29  Overlord  
  33  3:43  Queen  
  35  3:50  Pneumatized Carapace  
  35  3:51  Overlord  
  35  3:53  Drone  
  35  3:54  Drone x2  
  38  4:03  Baneling Nest  
  38  4:06  Drone x3  
  38  4:07  Drone  
  41  4:14  Overlord  
  41  4:15  Drone  
  42  4:19  Spore Crawler  
  42  4:24  Spore Crawler, Drone  
  40  4:30  Spore Crawler  
  40  4:40  Lair, Drone x2  
  40  4:41  Drone  
  40  4:43  Drone  
  44  4:51  Overlord  
  44  4:52  Drone x3  
  47  4:55  Zergling x4  
  49  5:10  Drone x7  
  56  5:16  Overlord  
  56  5:17  Zergling x6  
  59  5:21  Zergling x2  
  59  5:27  Zergling x2  
  61  5:29  Overlord, Drone  
  61  5:30  Drone x2  
  61  5:33  Extractor  
  63  5:35  Extractor  
  63  5:37  Zergling x2, Extractor  
  63  5:38  Queen  
  64  5:45  Overlord  
  64  5:48  Queen x2  
  68  5:50  Baneling x2  
  68  5:55  Overseer  
  67  6:03  Extractor  
  66  6:14  Queen  
  68  6:24  Queen  
  68  6:25  Zergling x2  
  71  6:26  Zergling x2  
  71  6:32  Zergling x8  
  70  6:36  Zergling x18  
  70  6:37  Zergling x12  
  70  6:53  Baneling x3  
  70  6:54  Baneling x3  
  62  7:05  Baneling x3  
  62  7:06  Drone x9  
  70  7:17  Overlord  
  70  7:18  Spire  
  69  7:24  Overlord  
  69  7:27  Drone x6  
  75  8:50  Mutalisk x11  
  75  8:51  Zergling x2  
  75  8:52  Zergling x14  
  105  9:54  Overlord  
  105  9:55  Zergling x2, Overlord  
  105  9:56  Overlord x2  
  105  9:57  Overlord x2  
  106  10:15  Overlord  
  106  10:18  Overlord  
  106  10:24  Overlord  
  106  10:29  Hatchery  
  106  10:30  Drone x6  
  106  10:31  Drone x7  
  106  10:33  Hatchery  
  117  10:41  Hatchery, Baneling x6  
  116  10:44  Centrifical Hooks  
  116  10:46  Zerg Flyer Weapons Level 1  
  116  10:52  Extractor  
  115  11:10  Mutalisk x5  
  115  11:11  Mutalisk x6  
  125  11:13  Overlord  
  137  11:22  Evolution Chamber  
  137  11:24  Evolution Chamber  
  135  11:33  Hatchery  
  135  11:35  Infestation Pit  
  135  11:39  Drone x12  
  145  11:51  Drone x7  
  145  11:52  Overlord  
  152  11:56  Mutalisk x5  
  162  12:07  Mutalisk  
  159  12:09  Mutalisk  
  155  12:16  Extractor  
  155  12:18  Extractor  
  155  12:20  Drone  
  155  12:21  Drone x13  
  161  12:25  Extractor  
  161  12:26  Extractor  
  156  12:34  Mutalisk  
  156  12:35  Mutalisk x2  
  160  12:49  Drone x7  
  163  13:27  Hatchery  
Tags
 
Add a new tag
Caveats
  • Supply blocks, unpowered buildings, or Contaminate may cause inaccurate times.
  • Supply counts are checked every 10 seconds.